 Dungeon Crawl Stone Soup version 0.29-a0-330-g52719c12eb (webtiles) character file.

Game seed: 5626603965726671159

141 funkygono the Firebug (level 5, -22/28 HPs)
             Began as a Gargoyle Fire Elementalist on May 4, 2022.
             Killed from afar by Ijyb (27 damage)
             ... with a bolt of acid
             ... on level 3 of the Dungeon.
             The game lasted 00:04:17 (2521 turns).

funkygono the Firebug (Gargoyle Fire Elementalist)  Turns: 2521, Time: 00:04:18

Health: -22/28     AC:  6    Str: 12    XL:     5   Next: 24%
Magic:  18/18      EV: 12    Int: 17    God:
Gold:   60         SH:  0    Dex: 10    Spells: 3/10 levels left

rFire   . . .      SeeInvis .   o - +0 whip
rCold   . . .      Faith    .   (no shield)
rNeg    + . .      Spirit   .   a - +0 robe
rPois   ∞          Reflect  .   (no helmet)
rElec   +          Harm     .   (no cloak)
rCorr   .          Rampage  .   (no gloves)
Will    .....                   (no boots)
Stlth   ++........              m - amulet of magic regeneration
HPRegen 0.09/turn               g - ring of magical power
MPRegen 0.56/turn               (no ring)

@: very slightly contaminated
A: sickness immunity, AC +4, negative energy resistance 1, electricity
resistance, torment resistance 1, petrification resistance
a: no special abilities


You were on level 3 of the Dungeon.
You visited 1 branch of the dungeon, and saw 3 of its levels.

You collected 82 gold pieces.
You spent 22 gold pieces at shops.

Inventory:

Hand Weapons
 e - a +0 club
 o - a +0 whip (weapon)
Missiles
 l - 30 stones
Armour
 a - a +0 robe (worn)
Jewellery
 g - a ring of magical power (left hand)
 m - an amulet of magic regeneration (around neck)
Scrolls
 i - a scroll of magic mapping {unknown}
 k - a scroll of summoning {unknown}
 p - a scroll of blinking {unknown}
Potions
 b - a potion of magic
 d - a potion of curing {unknown}
 f - 2 potions of might
 h - a potion of flight
 j - a potion of degeneration {unknown}
 n - 2 potions of lignification


   Skills:
 + Level 0.2 Maces & Flails
 + Level 1.7 Dodging
 - Level 2.1 Stealth
 * Level 3.2 Spellcasting
 * Level 2.3 Conjurations
 * Level 4.3 Fire Magic


You had 3 spell levels left.
You knew the following spells:

 Your Spells              Type           Power      Damage    Failure   Level
a - Foxfire               Conj/Fire      56%        2x1d6     4%          1
b - Scorch                Fire           34%        2d6       4%          2
c - Flame Wave            Conj/Fire      14%        2d6       38%         4

Your spell library contained the following spells:

 Spells                   Type           Power      Damage    Failure   Level
 Conjure Flame            Conj/Fire      14%        6-21      13%         3
 Inner Flame              Hex/Fire       10%        N/A       21%         3


Dungeon Overview and Level Annotations

Branches:
Dungeon (3/15)

Altars:
Trog

Shops:
D:2 ?

Annotations:
D:3 3 runed translucent doors, Ijyb; WLBjork's ghost, amateur KoBr


Innate Abilities, Weirdness & Mutations

You are immune to sickness and miasma.
Your stone body is resilient. (AC +4)
You are immune to poison.
You resist negative energy. (rN+)
You are resistant to electric shocks. (rElec)
You are resistant to unholy torment.
You are immune to petrification.


Message History

The foxfire hits the gnoll but does no damage.
The gnoll is moderately wounded.
The foxfire hits the gnoll.
The gnoll is heavily wounded.
The foxfire hits the gnoll.
The gnoll is severely wounded.
The gnoll closely misses you.
Casting: Foxfire (safe; 4% risk of failure)
Confirm with . or Enter, or press ? or * to list all spells.
You miscast Foxfire.
You are very lightly contaminated with residual magic.
Nothing appears to happen.
The gnoll hits you from afar with a +0 spear.
Casting: Foxfire (safe; 4% risk of failure)
Confirm with . or Enter, or press ? or * to list all spells.
You conjure some foxfire!
The gnoll barely misses you.
Unknown command.
Casting: Foxfire (safe; 4% risk of failure)
Confirm with . or Enter, or press ? or * to list all spells.
You miscast Foxfire.
Nothing appears to happen.
The foxfire hits the gnoll.
You kill the gnoll!
Casting: Foxfire (safe; 4% risk of failure)
Confirm with . or Enter, or press ? or * to list all spells.
You conjure some foxfire!
The foxfire hits the kobold.
The kobold is moderately wounded.
Unknown command.
The foxfire hits the kobold.
The kobold is severely wounded.
The foxfire hits the kobold.
You kill the kobold!
Ijyb zaps a wand.
The bolt of acid hits you!
Ouch! That really hurt!
* * * LOW HITPOINT WARNING * * *
Okay, then.
As you read the scroll labelled QOIDUMM OTRECIPT, it crumbles to dust.
The scroll dissolves into smoke.
It was a scroll of fog.
Unknown command.
Ijyb zaps a wand.
The bolt of acid hits you!!
Ouch! That really hurt!
You die...

#...#####
#.#...†.##
##.#####..# ####
####..#
##.####...
#....##
#..)g..##
###.####
#§§##.### #....#
###§###.##.
#....#######§§.#
#....
#....@...g§§§###
####K
#....#########
#. #....# ##
######


You could see Ijyb.

Vanquished Creatures
  5 gnolls
  2 adders
  A worm (D:2)
  4 dart slugs (D:1)
  3 ball pythons
  7 endoplasms
  A giant cockroach (D:2)
  5 goblins
  5 hobgoblins
  6 jackals (D:2)
  8 kobolds
  2 quokkas
  6 bats
  2 frilled lizards (D:1)
  5 rats
62 creatures vanquished.

Vanquished Creatures (others)
  160 foxfires
  4 plants (D:3)
164 creatures vanquished.

Grand Total: 226 creatures vanquished

Notes
Turn   | Place    | Note
-------+----------+-------------------------------------------
     0 | D:1      | funkygono the Gargoyle Fire Elementalist began the quest
                  | for the Orb.
     0 | D:1      | Reached XP level 1. HP: 10/10 MP: 3/3
   422 | D:1      | Reached XP level 2. HP: 14/15 MP: 0/5
   425 | D:1      | Learned a level 2 spell: Scorch
   717 | D:1      | Found a faded altar of an unknown god.
   932 | D:1      | Reached XP level 3. HP: 19/19 MP: 2/6
  1533 | D:2      | Found Jefor's Magic Scroll Shoppe.
  1536 | D:2      | Bought a scroll of identify for 22 gold pieces
  1808 | D:2      | Reached skill level 4 in Fire Magic
  1888 | D:2      | Reached XP level 4. HP: 24/24 MP: 8/8
  2208 | D:2      | Learned a level 4 spell: Flame Wave
  2255 | D:3      | Reached XP level 5. HP: 28/28 MP: 9/9
  2262 | D:3      | Found a runed translucent gate.
  2262 | D:3      | Found a runed translucent gate.
  2262 | D:3      | Found a runed translucent gate.
  2266 | D:3      | Noticed WLBjork's ghost (amateur KoBr)
  2330 | D:3      | Found a bloodstained altar of Trog.
  2458 | D:3      | Noticed Ijyb
  2521 | D:3      | Killed from afar by Ijyb

Illustrated notes

Levels and vault maps discovered:
D:1:      minmay_arrival_up_and_down, layout_basic,
          chequers_ecumenical_altar_twisty
D:2:      layout_basic, serial_shops, nicolae_shop_behind_doors,
          minmay_pentomino_v2
D:3:      layout_rooms, mainiacjoe_overflow_24_doors,
          gammafunk_ghost_nasty_kobolds, uniq_ijyb

Skill      XL: |  1  2  3  4 |
---------------+-------------+-----
Fire Magic     | 4 |  4.3
Conjurations   | 2 |  2.3
Spellcasting   | 3 |  3.2
Maces & Flails | |  0.2
Dodging        | |  1.7
Stealth        | |  2.1

Action                   |  1- 3 |  4- 6 || total
-------------------------+-------+-------++-------
Melee: Unarmed           |     6 |       ||     6
       Club              |    12 |       ||    12
 Cast: Foxfire           |    54 |    45 ||    99
       Scorch            |     8 |     3 ||    11
  Use: Scroll            |       |     4 ||     4
Armor: Robe              |    14 |     4 ||    18
Dodge: Dodged            |    21 |     8 ||    29

Table legend: (Time is in decaauts)
 A = Elapsed time spent in this place.
 B = Non-inter-level travel time spent in this place.
 C = Inter-level travel time spent in this place.
 D = Time resting spent in this place.
 E = Time spent auto-exploring this place.
 F = Levels seen in this place.
 G = Mean time per level.
                   A        B        C        D        E       F      G
               +--------+--------+--------+--------+--------+-----+--------+
         Total |   2523 |   2495 |     28 |      0 |   2030 |   3 |  841.0 |
       Dungeon |   2523 |   2495 |     28 |      0 |   2030 |   3 |  841.0 |
               +--------+--------+--------+--------+--------+-----+--------+

Top non-repeatable levels by time:
     D:1: 1508 daAuts
     D:2: 711 daAuts
     D:3: 303 daAuts
